 Dungeon Crawl Stone Soup version 0.29.1-15-g9cfb28693d (webtiles) character file.

Game seed: 10113410619702118220

1330 nightchill the Cleaver (level 8, -3/73 HPs)
             Began as a Hill Orc Fighter on Mar 3, 2023.
             Was a Priest of Nemelex Xobeh.
             Slain by a killer bee (7 damage)
             ... on level 4 of the Dungeon.
             The game lasted 00:11:02 (6099 turns).

nightchill the Cleaver (Hill Orc Fighter)           Turns: 6099, Time: 00:11:03

Health: -3/73      AC: 11    Str: 21    XL:     8   Next: 60%
Magic:  12/12      EV:  7    Int:  8    God:    Nemelex Xobeh [***...]
Gold:   330        SH:  4    Dex: 10    Spells: 7/7 levels left

rFire   . . .      SeeInvis .   a - +0 war axe
rCold   . . .      Faith    .   c - +0 buckler
rNeg    . . .      Spirit   .   x - +0 chain mail
rPois   .          Reflect  .   (no helmet)
rElec   .          Harm     .   (no cloak)
rCorr   .          Rampage  .   (no gloves)
Will    .....                   j - +1 pair of boots
Stlth   ..........              o - amulet of magic regeneration
HPRegen 0.22/turn               (no ring)
MPRegen 0.53/turn               (no ring)

@: no status effects
A: no striking features
a: Renounce Religion, Draw Escape, Draw Destruction, Draw Summoning, Triple Draw


You were on level 4 of the Dungeon.
You worshipped Nemelex Xobeh.
Nemelex Xobeh was most pleased with you.
You visited 1 branch of the dungeon, and saw 5 of its levels.

You collected 330 gold pieces.

Inventory:

Hand Weapons
 a - a +0 war axe (weapon)
Armour
 b - a +0 scale mail
 c - a +0 buckler (worn)
 j - a +1 pair of boots (worn)
 x - a +0 chain mail (worn)
Magical Staves
 y - a staff of air
Jewellery
 o - an amulet of magic regeneration (around neck)
 A - a ring of protection from fire
 F - a ring of see invisible
Scrolls
 f - a scroll of enchant weapon {unknown}
 g - a scroll of blinking {unknown}
 h - 2 scrolls of teleportation
 i - 2 scrolls of fear
 p - a scroll of vulnerability {unknown}
 q - a scroll of torment
 r - 2 scrolls of magic mapping
 s - a scroll of silence {unknown}
 t - a scroll of butterflies {unknown}
 v - a scroll of poison {unknown}
 C - a scroll of amnesia {unknown}
 E - a scroll of immolation {unknown}
Potions
 d - a potion of might
 e - a potion of invisibility
 k - a potion of curing
 l - a potion of brilliance
 m - 3 potions of lignification
 n - a potion of heal wounds {unknown}
 u - a potion of mutation {unknown}
 w - a potion of degeneration {unknown}
 z - 2 potions of ambrosia {unknown}
 B - a potion of attraction {unknown}
 D - a potion of berserk rage {unknown}
 G - a potion of cancellation


   Skills:
 + Level 7.1 Fighting
 * Level 9.9 Axes
 - Level 3.2 Armour
 - Level 3.2 Shields
 + Level 6.2 Invocations


You had 7 spell levels left.
You didn't know any spells.
Your spell library contained the following spells:

 Spells                   Type           Power      Damage    Failure   Level
 Summon Guardian Golem    Hex/Summ       0%         N/A       100%        3
 Olgreb's Toxic Radiance  Pois           0%         N/A       100%        4
 Orb of Destruction       Conj           0%         9d5       100%        7
 Spellforged Servitor     Conj/Summ      0%         N/A       100%        7
 Lehudib's Crystal Spear  Conj/Erth      0%         10d2      100%        8


Dungeon Overview and Level Annotations

Branches:
Dungeon (5/15)             Temple (0/1) D:4

Altars:
Nemelex Xobeh
The Shining One

Shops:
D:1 *   D:5 *

Annotations:
D:3 1 runed translucent door, Swamplord's ghost, amateur BaFi
D:5 3 runed translucent doors, t4s4d4r's ghost, novice OgGl


Message History

You feel sick.
The killer bee stings you but does no damage. x2
You barely miss the killer bee.
The killer bee is severely wounded.
You feel sick.
The killer bee stings you but does no damage. x2
You hit the killer bee but do no damage.
The killer bee is severely wounded.
You feel sick. The killer bee stings you.
* * * LOW HITPOINT WARNING * * *
The killer bee stings you but does no damage.
You feel better. The killer bee stings you.
* * * LOW HITPOINT WARNING * * *
You block the killer bee's attack.
You miss the killer bee.
The killer bee is severely wounded.
The killer bee stings you but does no damage.
The killer bee barely misses you.
You closely miss the killer bee.
The killer bee is severely wounded.
The killer bee seems to return to its normal shape.
The killer bee stings you.
* * * LOW HITPOINT WARNING * * *
The killer bee stings you.
* * * LOW HITPOINT WARNING * * *
You are lethally poisoned!
The killer bee poisons you!
You feel better.
The killer bee stings you but does no damage.
The killer bee stings you.
* * * LOW HITPOINT WARNING * * *
It was a potion of cancellation.
Your magical effects are unravelling.
You feel magically purged.
You feel less wooden.
Your +1 pair of boots unmelds from your body.
Your +0 chain mail unmelds from your body.
The killer bee stings you!
You die...
Your body glows slightly and disappears.

### ## ##.# .# #####
############..## .#####...#
#..............## .........#
#...............# ..)......#
#...............##
.........#
#...@............#
.........#
#^.y.............#
........##
##.>............## ......###
#.รท............# ....###
####.............# .#..##
####...............##
###..####....####<.......###
#..#...##### ###....#..##
#.).#..>.# #######..#


You could see a killer bee.

Vanquished Creatures
  A steam dragon (D:3)
  Edmund (D:5)
  An ogre (D:4)
  A necrophage (D:5)
  3 scorpions
  4 howler monkeys
  A hound (D:5)
  2 jellies (D:5)
  A gnoll bouda (D:3)
  An orc wizard (D:3)
  23 gnolls
  5 adders
  2 white imps
  3 worms (D:2)
  3 dart slugs
  18 orcs
  4 endoplasms
  3 giant cockroaches
  10 goblins
  6 hobgoblins
  14 jackals
  6 kobolds
  A quokka (D:4)
  5 ball pythons
  7 bats
  6 frilled lizards
  7 rats
139 creatures vanquished.

Vanquished Creatures (collateral kills)
  A gnoll bouda (D:3)
  A gnoll (D:3)
  An adder (D:3)
  A quokka (D:3)
  A ball python (D:3)
  A rat (D:3)
6 creatures vanquished.

Vanquished Creatures (others)
  A plant (D:3)
  2 withered plants (D:3)
3 creatures vanquished.

Grand Total: 148 creatures vanquished

Notes
Turn   | Place    | Note
-------+----------+-------------------------------------------
     0 | D:1      | nightchill the Hill Orc Fighter began the quest for the
                  | Orb.
     0 | D:1      | Reached XP level 1. HP: 19/19 MP: 1/1
    45 | D:1      | Reached skill level 3 in Axes
   178 | D:1      | Found Entoa's General Store.
   191 | D:1      | Reached XP level 2. HP: 27/27 MP: 2/2
   641 | D:1      | Reached skill level 4 in Axes
   734 | D:1      | Reached XP level 3. HP: 33/33 MP: 3/3
   871 | D:2      | Found a faded altar of an unknown god.
   897 | D:2      | Prayed at the altar of an unknown god.
   897 | D:2      | Became a worshipper of Nemelex Xobeh the Trickster
   897 | D:2      | Reached * piety under Nemelex Xobeh
   954 | D:2      | Received a gift from Nemelex Xobeh
  1309 | D:2      | Got Nappooge's Dissertation on Tainted Conflict
  1558 | D:2      | Reached XP level 4. HP: 41/41 MP: 4/4
  1706 | D:3      | Found a runed translucent door.
  1706 | D:3      | Noticed Swamplord's ghost (amateur BaFi)
  1732 | D:3      | Reached ** piety under Nemelex Xobeh
  1748 | D:3      | Reached skill level 1 in Invocations
  1926 | D:3      | Reached skill level 5 in Axes
  1926 | D:3      | Reached XP level 5. HP: 31/47 MP: 4/6
  1927 | D:3      | Reached skill level 5 in Fighting
  2076 | D:3      | Reached skill level 6 in Axes
  2077 | D:3      | Reached XP level 6. HP: 44/56 MP: 6/8
  2518 | D:3      | Found a glowing golden altar of the Shining One.
  2652 | D:3      | Reached skill level 7 in Axes
  2793 | D:3      | Reached XP level 7. HP: 53/61 MP: 9/9
  3358 | D:3      | Noticed a steam dragon
  3358 | D:3      | a gnoll sergeant changed into a steam dragon
  3641 | D:3      | Killed a steam dragon
  3642 | D:3      | Reached skill level 8 in Axes
  4319 | D:4      | Found a staircase to the Ecumenical Temple.
  4721 | D:4      | Reached skill level 5 in Invocations
  4721 | D:4      | Reached XP level 8. HP: 62/71 MP: 11/11
  5385 | D:5      | Entered Level 5 of the Dungeon
  5399 | D:5      | Reached skill level 9 in Axes
  5462 | D:5      | Noticed Edmund
  5479 | D:5      | Killed Edmund
  5779 | D:5      | Found a runed translucent gate.
  5779 | D:5      | Found a runed translucent gate.
  5779 | D:5      | Found a runed translucent gate.
  5781 | D:5      | Identified the +5 chain mail of the Apothecary {rC+ rN+
                  | Will- rCorr}
  5782 | D:5      | Identified the +0 plate armour of Atheth {rElec rF+ Str-2}
  5782 | D:5      | Noticed t4s4d4r's ghost (novice OgGl)
  5828 | D:5      | Reached *** piety under Nemelex Xobeh
  5936 | D:5      | Found Wupn's Assorted Antiques.
  6094 | D:4      | HP: 3/109 [killer bee (3)]
  6097 | D:4      | HP: 1/109 [killer bee (1)]
  6099 | D:4      | Slain by a killer bee

Illustrated notes

Levels and vault maps discovered:
D:1:      dpeg_arrival_lava_temple_mockup, layout_basic, serial_shops, shop,
          kennysheep_minor_cross
D:2:      minmay_recursive_quarters, layout_basic, basic_ecumenical_altar
D:3:      lemuel_castle_with_subvaults [lemuel_castle_interior_original],
          layout_rooms, nicolae_tso_swordbearing_angel, gammafunk_ghost_grave,
          minmay_misc_feat_tiny
D:4:      layout_cave_pods, minmay_temple_entry_stoned_glass
D:5:      layout_basic, serial_shops, shop_statue, biasface_ghost_orc_armoury,
          uniq_edmund

Skill      XL: |  1  2  3  4  5  6  7  8 |
---------------+-------------------------+-----
Axes           | 3 4 5 6 7 8 9 |  9.9
Fighting       | 4 5 6 7 |  7.1
Invocations    | 2 3 5 6 |  6.2
Armour         | |  3.2
Shields        | |  3.2

Action                   |  1- 3 |  4- 6 |  7- 9 || total
-------------------------+-------+-------+-------++-------
Melee: War axe           |    84 |   120 |   178 ||   382
Invok: Draw Summoning    |       |     1 |       ||     1
       Draw Destruction  |       |       |     4 ||     4
  Use: Scroll            |       |       |     8 ||     8
       Potion            |       |       |     4 ||     4
Armor: Scale mail        |    30 |    61 |    16 ||   107
       Chain mail        |       |       |    60 ||    60
       Skin              |       |       |    11 ||    11
Dodge: Dodged            |    39 |    56 |    62 ||   157
Block: Buckler           |    17 |    26 |    54 ||    97
